 Dungeon Crawl Stone Soup version 0.17.0-23-g0de4337 (webtiles) character file.

109 JudasIscariot the Skirmisher (level 4, 0/35 HPs)
             Began as a Demonspawn Fighter on Nov 14, 2015.
             Slain by herpmino's ghost (4 damage)
             ... on level 4 of the Dungeon.
             The game lasted 00:04:23 (1468 turns).

JudasIscariot the Skirmisher (Demonspawn Fighter)   Turns: 1468, Time: 00:04:23

Health: 0/35       AC: 10    Str: 17    XL:     4   Next: 59%
Magic:  4/4        EV:  7    Int: 10    God:
Gold:   149        SH:  9    Dex: 12    Spells: 0 memorised, 3 levels left

rFire  . . .     SeeInvis .     r - +0 broad axe
rCold  . . .     Clarity  .     b - +0 scale mail
rNeg   . . .     SustAt   .     c - +0 shield
rPois  .         Gourm    .     (no helmet)
rElec  .         Spirit   .     (no cloak)
rCorr  .         Warding  .     (no gloves)
rMut   .         Rnd*Tele +     (no boots)
MR     .....                    (no amulet)
Stlth  ..........               (no ring)
                                j - ring of teleportation

@: not resistant to hostile enchantments, extremely unstealthy
A: iridescent scales 1
a: Evoke Teleportation


You were on level 4 of the Dungeon.
You were not hungry.

You visited 1 branch of the dungeon, and saw 4 of its levels.

You collected 149 gold pieces.

Inventory:

Hand Weapons
 a - a +0 war axe
 r - a +0 broad axe (weapon)
Armour
 b - a +0 scale mail (worn)
 c - a +0 shield (worn)
Jewellery
 h - an uncursed ring of protection from magic {unknown}
 j - a ring of teleportation (left hand)
Scrolls
 m - 2 scrolls of identify {unknown}
 n - a scroll of fear {unknown}
 o - a scroll of teleportation {unknown}
Potions
 d - a potion of might
 f - a potion of magic {unknown}
 g - 2 potions of curing {unknown}
 l - a potion of invisibility {unknown}
Comestibles
 e - a bread ration
 i - 5 chunks of flesh
 k - 3 fruits
 p - 2 beef jerkies
 q - a meat ration


   Skills:
 * Level 3.5 Fighting
 * Level 2.5 Axes
 * Level 3.3 Armour
 + Level 0.8 Dodging
 * Level 3.3 Shields


You had 3 spell levels left.
You didn't know any spells.

Dungeon Overview and Level Annotations

Branches:
Dungeon (4/15)
 Temple: D:4-7

Altars:
Elyvilon
Trog
Vehumet
Xom

Annotations:
D:3 Sigmund
D:4 Grinder; herpmino's ghost, amateur OpAs


Innate Abilities, Weirdness & Mutations

You are partially covered in iridescent scales (AC +4).


Message History

You block the giant newt's attack.
You closely miss the giant newt.
For a moment, herpmino's ghost blends into the shadows.
The giant newt bites you but does no damage.
You block the giant newt's attack.
Your scale mail prevents you from hitting the giant newt.
The giant newt hisses menacingly.
The giant newt closely misses you.
You closely miss the giant newt. The giant newt bites you.
* * * LOW HITPOINT WARNING * * *
You closely miss the giant newt. The giant newt closely misses you.
The giant newt bites you but does no damage.
You hit the giant newt.
You kill the giant newt!
Herpmino's ghost hits you.
* * * LOW HITPOINT WARNING * * *
You slash herpmino's ghost!
Herpmino's ghost is lightly damaged.
Herpmino's ghost hits you.
You die...

..##.#####b####..........
#.##.##....#....##......
#.##.##.##.#.........##.#
#.##.#....b..............
.......^............###.
####.#.^_...#.#.##...#
#........#.#.#.###.#
##.......#.....# .#
#.##.#...###@)# # #.#
.....# #W#...# #.# ......
#.##.#.... ... ..# .# ##
.... # o.... l......
........ #.#.....#.


You could see herpmino's ghost.

Vanquished Creatures
  An orc priest (D:4)
  A gnoll (D:1)
  2 adders
  An ooze (D:2)
  3 worms
  2 giant geckos
  3 orcs (D:4)
  4 bats
  3 giant cockroaches
  2 hobgoblins (D:1)
  2 giant newts
  3 jackals (D:2)
  3 kobolds (D:2)
  8 rats
38 creatures vanquished.

Notes
Turn   | Place    | Note
--------------------------------------------------------------
     0 | D:1      | JudasIscariot the Demonspawn Fighter began the quest for the Orb.
     0 | D:1      | Reached XP level 1. HP: 18/18 MP: 1/1
   470 | D:1      | Gained mutation: You are partially covered in iridescent scales (AC +4). [demonic ancestry]
   470 | D:1      | Reached XP level 2. HP: 16/24 MP: 2/2
   676 | D:2      | Found a radiant altar of Vehumet.
   792 | D:2      | Reached XP level 3. HP: 21/29 MP: 3/3
   944 | D:2      | Found a white marble altar of Elyvilon.
  1259 | D:3      | Noticed Sigmund
  1295 | D:4      | Found a shimmering altar of Xom.
  1372 | D:4      | Noticed a moth of wrath
  1376 | D:4      | Found a bloodstained altar of Trog.
  1390 | D:4      | Reached XP level 4. HP: 16/35 MP: 4/4
  1454 | D:4      | Noticed herpmino's ghost (amateur OpAs)
  1455 | D:4      | Noticed Grinder
  1468 | D:4      | Slain by herpmino's ghost

Action                   |  1- 3 |  4- 6 || total
-------------------------+-------+-------++-------
Melee: War axe           |   107 |       ||   107
       Broad axe         |     6 |    19 ||    25
  Use: Scroll            |     2 |       ||     2
  Eat: Chunk             |     2 |       ||     2
